 Dungeon Crawl Stone Soup version 0.28.0-47-ge53b351184 (webtiles) character file.

Game seed: 4149423458829297946

9 Cak3Hol3 the Grave Robber (level 2, 7/13 HPs)
             Began as a Vampire Necromancer on May 3, 2022.
             Quit the game on level 1 of the Dungeon on May 4, 2022.
             The game lasted 00:10:35 (281 turns).

Cak3Hol3 the Grave Robber (Vampire Necromancer)      Turns: 281, Time: 00:10:35

Health: 7/13       AC:  2    Str:  7    XL:     2   Next: 3%
Magic:  2/5        EV: 12    Int: 17    God:
Gold:   0          SH:  0    Dex: 14    Spells: 3/5 levels left

rFire   . . .      SeeInvis +   (no weapon)
rCold   + + .      Faith    .   (no shield)
rNeg    + + +      Spirit   .   a - +0 robe
rPois   ∞          Reflect  .   (no helmet)
rElec   .          Harm     .   (no cloak)
rCorr   .          Rampage  .   (no gloves)
Will    .....                   (no boots)
Stlth   ++++......              (no amulet)
HPRegen 0.04/turn               (no ring)
MPRegen 0.09/turn               (no ring)

@: bloodless
A: bloodless, fangs 3, see invisible, vampiric 1, [frail 1]
a: Revivify


You were on level 1 of the Dungeon.
You visited 1 branch of the dungeon, and saw 1 of its levels.

Inventory:

Armour
 a - a +0 robe (worn)
Scrolls
 b - a scroll of teleportation {unknown}
 c - a scroll of magic mapping {unknown}


   Skills:
 + Level 2.2 Dodging
 + Level 3.0 Stealth
 + Level 0.2 Unarmed Combat
 + Level 2.0 Spellcasting
 + Level 4.8 Necromancy


You had 3 spell levels left.
You knew the following spells:

 Your Spells              Type           Power      Damage    Failure   Level
a - Pain                  Necr           72%        1d7       2%          1
b - Animate Skeleton      Necr           36%        N/A       2%          1

Your spell library contained the following spells:

 Spells                   Type           Power      Damage    Failure   Level
 Vampiric Draining        Necr           18%        2d7       8%          3
 Animate Dead             Necr           9%         N/A       26%         4
 Agony                    Necr           18%        N/A       58%         5


Dungeon Overview and Level Annotations

Branches:
Dungeon (1/15)

Altars:

Shops:
D:1 !


Innate Abilities, Weirdness & Mutations

You do not regenerate when monsters are visible.
You are frail without blood (-20% HP).
You can heal yourself when you bite living creatures.
You are immune to poison.
You have razor-sharp teeth.
You have supernaturally acute eyesight. (SInv)
You are afflicted with vampirism.
[You are frail. (-10% HP)]


Message History

Okay, then.
You aren't carrying any potions.
Non-targeted read: scroll labelled GUNOSA KEEXAU
Press: ? - help, Q - select action, (/) - cycle Dir - look around, f - activate
Okay, then.
Aiming: Pain (safe; 2% risk of failure)
Press: ? - help, Q - select action, (/) - cycle Shift-Dir - straight line, f - dart slug
Aim: a dart slug (chance to affect: 87%)
The dart slug barely resists.
Aiming: Pain (safe; 2% risk of failure)
Press: ? - help, Q - select action, (/) - cycle Shift-Dir - straight line, f/p - dart slug
Aim: a dart slug (chance to affect: 87%)
The dart slug writhes in agony.
The dart slug bites you but does no damage.
You hit the dart slug.
You punch the dart slug, but do no damage.
You bite the dart slug.
The dart slug is severely wounded.
The dart slug launches a dart at you. The slug dart hits you.
You hit the dart slug but do no damage. You bite the dart slug.
The dart slug is almost dead.
You hit the dart slug but do no damage. You punch the dart slug.
You kill the dart slug!
You have reached level 2!
You begin bloodletting.
You continue bloodletting. x5
You become bloodless.
There is an open door here.
You see here a dart slug corpse.
Aiming: Pain (safe; 2% risk of failure)
Press: ? - help, Q - select action, (/) - cycle Shift-Dir - straight line, f - you
Okay, then.
There are no objects that can be picked up here. a dart slug corpse Unknown command.
Okay, then.
Unknown command.
Unknown command.
Unknown command.
Are you sure you want to abandon this character and quit the game? (Confirm with "yes".)

#^# ########.# ........ #.#
......#.###......# # #.#
##### #.......# # #.#
##8.8####.##...# # #.#
#......##w##...###.## # #.#
#......#.....†....... ##
#.# ##..8...######..###...
.# #.#.#8......####....#
†## #.#.#<......@.##.##.#
..# #.#.#8......#.......#
#.###.#.##..8...#.##.######
#.....#.##......#.##......#
#.....#.##......#.#######.#
#.....#.###8(8###.#######.#
#....†..#########.........#
#.....#.##............###.#
#.....#.....#########.# #.#


There were no monsters in sight!

Vanquished Creatures
  A dart slug (D:1)
  An endoplasm (D:1)
  A goblin (D:1)
  A kobold (D:1)
  2 bats (D:1)
  A frilled lizard (D:1)
7 creatures vanquished.

Notes
Turn   | Place    | Note
-------+----------+-------------------------------------------
     0 | D:1      | Cak3Hol3 the Vampire Necromancer began the quest for the
                  | Orb.
     0 | D:1      | Reached XP level 1. HP: 13/13 MP: 3/3
   115 | D:1      | Learned a level 1 spell: Animate Skeleton
   210 | D:1      | Found Qed Cit's Distillery.
   273 | D:1      | Reached XP level 2. HP: 7/17 MP: 1/5
   281 | D:1      | Quit the game

Illustrated notes

Levels and vault maps discovered:
D:1:      mrwooster_arrival_statue_3, layout_basic, serial_shops,
          nicolae_lakefront_shop, ebering_ecumenical_altar_sacrificial

Action                   || total
-------------------------++-------
Melee: Unarmed           ||    13
       Bite              ||     3
       Punch             ||     2
 Cast: Pain              ||     7
 Abil: Exsanguinate      ||     2
       Revivify          ||     1
Armor: Robe              ||    13
Dodge: Dodged            ||    21
